 Dungeon Crawl Stone Soup version 0.20.0-8-g6b59dc7 (webtiles) character file.

29 straycat the Magician (level 3, -5/28 HPs)
             Began as a Vampire Wanderer on May 31, 2017.
             Slain by a worm (10 damage)
             ... on level 2 of the Dungeon.
             The game lasted 00:06:31 (1342 turns).

straycat the Magician (Vampire Wanderer)            Turns: 1342, Time: 00:06:32

Health: -5/28      AC:  5    Str: 11    XL:     3   Next: 1%
Magic:  3/8        EV: 10    Int: 13    God:
Gold:   51         SH:  0    Dex: 15    Spells: 6/10 levels left

rFire    + . .     SeeInvis +   c - +0 spear
rCold    + . .     Gourm    .   (no shield)
rNeg     + + .     Faith    .   b - +0 ring mail
rPois    +         Spirit   .   (no helmet)
rElec    .         Reflect  .   (no cloak)
rCorr    .         Harm     .   (no gloves)
MR       .....                  (no boots)
Stlth    +++.......             (no amulet)
Regen    0.1/turn               j - ring of protection from fire
MPRegen  0.2/turn               (no ring)

@: very slightly contaminated, regenerating slowly
A: fangs 3, see invisible, unbreathing
a: Bat Form


You were on level 2 of the Dungeon.
You were thirsty.

You visited 1 branch of the dungeon, and saw 2 of its levels.

You collected 51 gold pieces.

Inventory:

Hand Weapons
 c - a +0 spear (weapon)
 p - a +0 short sword
Missiles
 g - 39 stones (quivered)
 q - 24 bolts
Armour
 b - a +0 ring mail (worn)
 l - a +0 plate armour
 o - a +0 scale mail
Jewellery
 j - a ring of protection from fire (left hand)
Scrolls
 e - 2 scrolls of enchant weapon {unknown}
 h - a scroll of magic mapping {unknown}
 k - a scroll of enchant armour {unknown}
 n - 2 scrolls of random uselessness {unknown}
Potions
 d - 8 potions of blood
 f - a potion of agility {unknown}
 i - a potion of curing {unknown}
 m - a potion of haste {unknown}
 r - 2 potions of magic {unknown}
Books
 a - a book of Minor Magic

   Spells                             Type                      Level
   a - Magic Dart                     Conjuration                  1
   b - Blink                          Translocation                2
   c - Call Imp                       Summoning                    2
   d - Slow                           Hexes                        2
   e - Conjure Flame                  Conjuration/Fire             3
   f - Mephitic Cloud                 Conjuration/Poison/Air       3


   Skills:
 * Level 2.3 Fighting
 + Level 0.0 Short Blades
 + Level 1.0 Armour
 * Level 1.4 Dodging
 * Level 2.9 Stealth
   Level 1.0 Shields
 - Level 4.0 Spellcasting
   Level 1.0 Poison Magic


You had 6 spell levels left.
You knew the following spells:

 Your Spells              Type           Power        Failure   Level  Hunger
a - Slow                  Hex            #.......     58%         2    ##.....
b - Blink                 Tloc           N/A          58%         2    ##.....


Dungeon Overview and Level Annotations

Branches:
Dungeon (2/15)

Altars:


Innate Abilities, Weirdness & Mutations

You heal slowly.
You have razor-sharp teeth.
You have supernaturally acute eyesight. (SInv)
You can survive without breathing.


Message History

The worm is severely wounded.
The worm bites you!
You completely miss the worm. You bite the worm, but do no damage.
The worm is heavily wounded.
You barely miss the worm.
The worm is heavily wounded.
The worm completely misses you.
You hit the worm. You bite the worm.
The worm is severely wounded.
The worm bites you but does no damage.
You hit the worm.
The worm is severely wounded.
You hit the worm but do no damage.
The worm is severely wounded.
The worm bites you!
* * * LOW HITPOINT WARNING * * *
You hit the worm but do no damage.
The worm is severely wounded.
The worm bites you!
You die...

##############.
#######@.....<.......
#......w....#######..
#)#####.#####
#.#####.#
#####.......#
#.....####### #.###[#
#.# #.# #.# #


You could see a worm.

Vanquished Creatures
  4 dart slugs (D:1)
  A ball python (D:1)
  3 giant cockroaches (D:1)
  2 goblins
  A hobgoblin (D:2)
  3 bats
  3 kobolds (D:1)
  4 rats (D:1)
21 creatures vanquished.

Notes
Turn   | Place    | Note
-------+----------+-------------------------------------------
     0 | D:1      | straycat the Vampire Wanderer began the quest for the Orb.
     0 | D:1      | straycat set off with: a book of Minor Magic, a +0 ring mail, a +0 spear, a potion of blood
     0 | D:1      | Reached XP level 1. HP: 16/16 MP: 5/5
   423 | D:1      | Reached skill level 1 in Dodging
   425 | D:1      | Reached XP level 2. HP: 19/22 MP: 7/7
   968 | D:2      | Learned a level 2 spell: Slow
   971 | D:2      | Learned a level 2 spell: Blink
  1040 | D:2      | Reached XP level 3. HP: 28/28 MP: 3/8
  1342 | D:2      | Slain by a worm

Skill      XL: |  1 |
---------------+----+-----
Fighting       | 2 |  2.3
Dodging        | 1 |  1.4
Stealth        | 2 |  2.9
Armour         | |  1.0
Shields        | |  1.0
Spellcasting   | |  4.0
Poison Magic   | |  1.0

Action                   || total
-------------------------++-------
Melee: Spear             ||   112
       Bite              ||    14
 Cast: Slow              ||     4
  Use: Potion            ||     1
Armor: Ring mail         ||    41
Dodge: Dodged            ||    52
